 Dungeon Crawl Stone Soup version 0.29.1-15-g9cfb28693d (webtiles) character file.

Game seed: 15381921563388603232

499 bnorton916 the Magician (level 6, -6/32 HPs)
             Began as a Deep Elf Fire Elementalist on Feb 27, 2023.
             Killed from afar by Eustachio (15 damage)
             ... with a bolt of light
             ... on level 6 of the Dungeon.
             The game lasted 00:04:41 (3986 turns).

bnorton916 the Magician (DEFE)                      Turns: 3986, Time: 00:04:42

Health: -6/32      AC:  3    Str:  5    XL:     6   Next: 94%
Magic:  8/17       EV: 12    Int: 22    God:
Gold:   346        SH:  5    Dex: 15    Spells: 11/17 levels left

rFire   + . .      SeeInvis .   (no weapon)
rCold   x . .      Faith    .   (no shield)
rNeg    . . .      Spirit   .   a - +0 robe
rPois   .          Reflect  +   f - +1 hat
rElec   .          Harm     .   (no cloak)
rCorr   .          Rampage  .   (no gloves)
Will    .....                   (no boots)
Stlth   ++........              g - amulet of reflection
HPRegen 0.10/turn               h - ring of fire
MPRegen 0.15/turn               (no ring)

@: no status effects
A: no striking features
a: no special abilities


You were on level 6 of the Dungeon.
You visited 1 branch of the dungeon, and saw 5 of its levels.

You collected 346 gold pieces.

Inventory:

Missiles
 m - 2 curare-tipped darts
Armour
 a - a +0 robe (worn)
 f - a +1 hat (worn)
Jewellery
 g - an amulet of reflection (around neck)
 h - a ring of fire (left hand)
 l - a ring of positive energy
Scrolls
 c - a scroll of summoning {unknown}
 d - a scroll of magic mapping {unknown}
 e - a scroll of enchant armour {unknown}
 i - a scroll of brand weapon {unknown}
 n - 4 scrolls of identify {unknown}
Potions
 b - 2 potions of magic
 j - a potion of invisibility {unknown}
 k - 2 potions of curing {unknown}
 o - a potion of ambrosia {unknown}
 p - a potion of degeneration {unknown}


   Skills:
 - Level 2.4 Dodging
 - Level 2.4 Stealth
 + Level 6.2 Spellcasting
 + Level 4.6 Conjurations
 + Level 5.6 Fire Magic


You had 11 spell levels left.
You knew the following spells:

 Your Spells              Type           Power      Damage    Failure   Level
a - Foxfire               Conj/Fire      100%       2x1d9     1%          1
b - Scorch                Fire           94%        2d10      1%          2
c - Conjure Flame         Conj/Fire      44%        6-21      3%          3

Your spell library contained the following spells:

 Spells                   Type           Power      Damage    Failure   Level
 Beastly Appendage        Tmut           12%        N/A       9%          1
 Inner Flame              Hex/Fire       28%        N/A       9%          3
 Dazzling Flash           Conj/Hex       34%        N/A       11%         3
 Flame Wave               Conj/Fire      44%        2d11      11%         4
 Wereblood                Tmut           6%         N/A       14%         2
 Ozocubu's Armour         Ice            6%         N/A       26%         3
 Spider Form              Tmut/Pois      6%         N/A       26%         3
 Iskenderun's Mystic Bla  Conj/Tloc      17%        2d5       34%         4
 Starburst                Conj/Fire      22%        6d7       86%         6
 Ozocubu's Refrigeration  Ice            3%         4d8       100%        7
 Borgnjor's Revivificati  Necr           3%         N/A       100%        8
 Necromutation            Tmut/Necr      3%         N/A       100%        8
 Death's Door             Necr           3%         N/A       100%        9


Dungeon Overview and Level Annotations

Branches:
Dungeon (4/15)
 Temple: D:4-7

Altars:
Sif Muna

Shops:
D:1 [   D:6 (

Annotations:
D:2 1 runed translucent door, Crazy Yiuf
D:6 Eustachio


Message History

Eustachio is lightly wounded.
Eustachio's fire resistance burns away.
Eustachio zaps a wand.
The bolt of light hits you!
Unknown command.
Casting: Scorch (safe; 1% risk of failure)
Confirm with . or Enter, or press ? or * to list all spells.
You feel a surge of power!
Flames lash Eustachio.
Eustachio is burned terribly!
Eustachio is heavily wounded.
Eustachio hits you with a +0 falchion! Eustachio misses you.
Unknown command.
Casting: Scorch (safe; 1% risk of failure)
Confirm with . or Enter, or press ? or * to list all spells.
You feel a surge of power!
Flames lash Eustachio.
Eustachio is burned terribly!
Eustachio is severely wounded.
Eustachio gestures wildly while chanting.
Eustachio hits you with a +0 falchion.
* * * LOW HITPOINT WARNING * * *
Unknown command.
You aren't carrying any items that you can evoke.
Unknown command.
Unknown command.
Casting: Scorch (safe; 1% risk of failure)
Confirm with . or Enter, or press ? or * to list all spells.
You feel a surge of power!
Flames lash the white imp.
The white imp is burned terribly!
You kill the white imp!
The white imp disappears in a puff of smoke!
Eustachio yells, "Perjured traitor, DIE!"
Eustachio gestures wildly while chanting.
Eustachio blinks!
The shadow imp closely misses you. You block the shadow imp's attack.
Unknown command.
Casting: Scorch (safe; 1% risk of failure)
Confirm with . or Enter, or press ? or * to list all spells.
You feel a surge of power!
Flames lash the shadow imp.
You kill the shadow imp!
The shadow imp disappears in a puff of smoke!
Eustachio zaps a wand.
The bolt of light hits you!
You die...

#...#......#.....
#...##....##...# ..
#...##....##...###..
#...).....'.........
#.........#.........
#.....[...#.........
#.........#.........
#...####..##...###+#
##### #+###@§§#
#....§§...@...
#...../§......
#..........~.~
##.......#≈~.≈
#########≈≈∩~ ≈≈≈ ≈≈


You could see Eustachio (combustible).

Vanquished Creatures
  A black bear (D:4)
  An ice beast (D:6)
  An ogre (D:6)
  A scorpion (D:4)
  A hound (D:4)
  An orc priest (D:3)
  An orc wizard (D:4)
  3 adders
  A shadow imp (D:6)
  A worm (D:2)
  7 orcs
  5 bats
  3 endoplasms
  A giant cockroach (D:1)
  5 goblins (D:1)
  4 hobgoblins
  6 quokkas
  2 ball pythons (D:2)
  3 frilled lizards
  4 kobolds
  3 rats
55 creatures vanquished.

Vanquished Creatures (others)
  216 foxfires
216 creatures vanquished.

Grand Total: 271 creatures vanquished

Notes
Turn   | Place    | Note
-------+----------+-------------------------------------------
     0 | D:1      | bnorton916 the Deep Elf Fire Elementalist began the quest
                  | for the Orb.
     0 | D:1      | Reached XP level 1. HP: 10/10 MP: 6/6
   197 | D:1      | Reached XP level 2. HP: 15/15 MP: 6/8
   595 | D:1      | Found Leli's Antique Armour Shoppe.
   914 | D:2      | Found a shimmering blue altar of Sif Muna.
  1435 | D:2      | Reached XP level 3. HP: 19/19 MP: 6/10
  1903 | D:2      | Found a runed translucent door.
  1904 | D:2      | Noticed Crazy Yiuf
  2454 | D:2      | Learned a level 2 spell: Scorch
  2458 | D:2      | Learned a level 3 spell: Conjure Flame
  2702 | D:3      | Reached skill level 4 in Spellcasting
  3003 | D:3      | Reached XP level 4. HP: 24/24 MP: 10/12
  3460 | D:4      | Reached XP level 5. HP: 28/28 MP: 9/14
  3613 | D:4      | Noticed a black bear
  3746 | D:4      | Killed a black bear
  3747 | D:4      | Reached skill level 5 in Spellcasting
  3747 | D:4      | Reached skill level 5 in Fire Magic
  3789 | D:4      | Reached XP level 6. HP: 32/32 MP: 5/16
  3868 | D:4      | You fall into a shaft and drop 2 floors!
  3871 | D:6      | Noticed an ice beast
  3874 | D:6      | Killed an ice beast
  3912 | D:6      | Reached skill level 6 in Spellcasting
  3975 | D:6      | Found Plog's Antique Weapon Shop.
  3977 | D:6      | Noticed Eustachio
  3986 | D:6      | Killed from afar by Eustachio

Illustrated notes

Levels and vault maps discovered:
D:1:      minmay_arrival_doors, layout_loops_ring, serial_shops,
          nicolae_shop_trees, due_unseen_surprise
D:2:      layout_loops_corners, basic_altar, minmay_tromino_mix6,
          uniq_crazy_yiuf_cottage
D:3:      layout_basic, kennysheep_orc_chapel
D:4:      layout_loops_corners, hangedman_decor_diamond_cutter,
          corexii_leaking_fountain
D:6:      layout_gridville, serial_shops, shop, nicolae_shop_waterfront,
          nicolae_shop_waterfront, ebering_ghost_disaster_area, uniq_grinder,
          uniq_eustachio

Skill      XL: |  1  2  3  4  5  6 |
---------------+-------------------+-----
Conjurations   | 2 3 4 |  4.6
Fire Magic     | 4 5 |  5.6
Spellcasting   | 4 5 6 |  6.2
Dodging        | |  2.4
Stealth        | |  2.4

Action                   |  1- 3 |  4- 6 || total
-------------------------+-------+-------++-------
 Cast: Foxfire           |    95 |    37 ||   132
       Scorch            |     3 |    13 ||    16
       Conjure Flame     |       |     1 ||     1
Armor: Robe              |     2 |       ||     2
Dodge: Dodged            |    11 |     6 ||    17
Block: Other             |       |     2 ||     2
